 Dungeon Crawl Stone Soup version 0.26.1-2-gb8aa6d0cf2 (webtiles) character file.

Game seed: 18398258343039081430

102 vatarom the Ruffian (level 4, -2/35 HPs)
             Began as a Draconian Transmuter on Feb 16, 2021.
             Slain by an orc priest
             ... wielding a +0 flail
              (8 damage)
             ... on level 3 of the Dungeon.
             The game lasted 00:02:39 (2459 turns).

vatarom the Ruffian (Draconian Transmuter)          Turns: 2459, Time: 00:02:39

Health: -2/35      AC:  5    Str: 19    XL:     4   Next: 49%
Magic:  6/7        EV: 12    Int: 13    God:
Gold:   150        SH:  0    Dex: 12    Spells: 3/7 levels left

rFire    . . .     SeeInvis .     - Unarmed
rCold    . . .     Faith    .   (no shield)
rNeg     . . .     Spirit   .   (armour unavailable)
rPois    +         Reflect  .   (helmet currently unavailable)
rElec    .         Harm     .   (no cloak)
rCorr    .         Rampage  .   (no gloves)
Will     .....                  (boots currently unavailable)
Stlth    +.........             (no amulet)
HPRegen  0.11/turn              o - ring of poison resistance
MPRegen  0.10/turn              h - +6 ring of strength (curse)

@: appendages, hasted, very quick
A: unfitting armour, horns 2, talons 2, cold-blooded, AC +5
a: End Transformation


You were on level 3 of the Dungeon.
You had grown temporary horns.
You had grown temporary talons.
You visited 1 branch of the dungeon, and saw 3 of its levels.

You collected 150 gold pieces.

Inventory:

Missiles
 i - 2 javelins
Jewellery
 h - a cursed +6 ring of strength (right hand)
 o - a ring of poison resistance (left hand)
Scrolls
 a - 3 scrolls of identify {unknown}
 b - a scroll of teleportation {unknown}
 c - 2 scrolls of magic mapping {unknown}
 e - a scroll of random uselessness {unknown}
 f - 2 scrolls of enchant weapon {unknown}
 g - 2 scrolls of remove curse {unknown}
 j - a scroll of enchant armour {unknown}
 k - a scroll of noise {unknown}
Potions
 d - 2 potions of haste {@q3}


   Skills:
 - Level 1.1 Fighting
 - Level 1.7 Dodging
 + Level 4.3 Unarmed Combat
 - Level 2.0 Spellcasting
 + Level 3.6 Transmutations


You had 3 spell levels left.
You knew the following spells:

 Your Spells              Type           Power        Failure   Level
a - Beastly Appendage     Tmut           20%          6%          1
b - Spider Form           Tmut/Pois      3%           36%         3

Your spell library contained the following spells:

 Spells                   Type           Power        Failure   Level
 Wereblood                Tmut           10%          9%          2
 Ice Form                 Ice/Tmut       6%           77%         4
 Blade Hands              Tmut           5%           85%         5


Dungeon Overview and Level Annotations

Branches:
Dungeon (3/15)

Altars:


Innate Abilities, Weirdness & Mutations

Your plain brown scales are hard. (AC +5)
You cannot fit into any form of body armour.
You are cold-blooded and may be slowed by cold attacks.
You have a pair of horns on your head.
You have razor-sharp toenails.


Message History

The orc priest is almost dead.
The orc priest barely misses you. The orc priest closely misses you.
You barely miss the orc priest.
The orc priest is almost dead.
You are too injured to fight recklessly!
Unknown command.
You are too injured to fight recklessly!
Casting: Beastly Appendage (safe; 6% risk of failure)
Confirm with . or Enter, or press ? or * to list all spells.
You grow a pair of large bovine horns.
Your feet morph into talons.
The orc priest closely misses you. The orc priest barely misses you.
You completely miss the orc priest.
Your tail-slap misses the orc priest.
The orc priest is almost dead.
You completely miss the orc priest.
You claw the orc priest, but do no damage.
You headbutt the orc priest, but do no damage.
Your tail-slap misses the orc priest.
The orc priest is almost dead.
The orc priest hits you with a +0 flail!
You die...

#.#.##.#####.####
#.#
#............#
#.#
###.##########
#.### #.# #....
#.# ##### #.####
#... #....# #.##
####o# # #.o@# #
#.### # #.# # #.#
. #o# . .#
####.### .. ...
#......# .. ## #
......#.#.# .#
.###..#.#.##..#


You could see 2 orc priests.

Vanquished Creatures
  3 adders (D:2)
  2 oozes
  2 worms (D:2)
  3 dart slugs
  2 leopard geckos (D:1)
  3 orcs (D:3)
  6 bats
  3 giant cockroaches (D:1)
  2 goblins (D:1)
  6 hobgoblins
  3 jackals (D:1)
  2 kobolds (D:1)
  A quokka (D:3)
  4 frilled lizards
  7 rats
49 creatures vanquished.

Notes
Turn   | Place    | Note
-------+----------+-------------------------------------------
     0 | D:1      | vatarom the Draconian Transmuter began the quest for the
                  | Orb.
     0 | D:1      | Reached XP level 1. HP: 16/16 MP: 3/3
   114 | D:1      | Reached XP level 2. HP: 16/23 MP: 3/5
   838 | D:1      | Reached XP level 3. HP: 28/28 MP: 4/6
   842 | D:1      | Learned a level 3 spell: Spider Form
  1584 | D:2      | Reached skill level 4 in Unarmed Combat
  1770 | D:2      | Reached XP level 4. HP: 30/35 MP: 7/7
  2459 | D:3      | Slain by an orc priest

Illustrated notes

Levels and vault maps discovered:
D:1:      mrwooster_arrival_arrow, layout_loops_corners
D:2:      layout_rooms, serial_curves, eino_curves_04, eino_curves_01,
          minivault_24, minmay_stone_trees_medium
D:3:      layout_loops_cross

Skill      XL: |  1  2  3 |
---------------+----------+-----
Transmutations | 3 |  3.6
Unarmed Combat | 4 |  4.3
Fighting       | |  1.1
Dodging        | |  1.7
Spellcasting   | |  2.0

Action                   |  1- 3 |  4- 6 || total
-------------------------+-------+-------++-------
Melee: Unarmed           |   122 |    46 ||   168
       Headbutt          |    12 |     3 ||    15
       Kick              |    17 |     8 ||    25
       Tailslap          |    10 |     8 ||    18
       Punch             |     2 |     1 ||     3
 Cast: Beastly Appendage |    31 |     8 ||    39
  Use: Potion            |       |     1 ||     1
 Stab: Sleeping          |     1 |       ||     1
Armor: Skin              |    36 |    10 ||    46
Dodge: Dodged            |    80 |    21 ||   101
